 Dungeon Crawl Stone Soup version 0.30-a0-862-g1aabd4f9c5 (webtiles) character file.

Game seed: 5819683429254200180

868 ragingrage the Slicer (level 8, 0/41 HPs)
             Began as a Kobold Wanderer on Mar 9, 2023.
             Was an Initiate of Ashenzari.
             Slain by a gnoll
             ... wielding a +0 flail
             ... led by a gnoll bouda
              (9 damage)
             ... on level 5 of the Dungeon.
             The game lasted 00:06:19 (5395 turns).

ragingrage the Slicer (Kobold Wanderer)             Turns: 5395, Time: 00:06:19

Health: 0/41       AC:  2    Str:  8    XL:     8   Next: 23%
Magic:  4/9        EV: 14    Int: 21    God:    Ashenzari [......]
Gold:   247        SH:  0    Dex: 16    Spells: 2/9 levels left

rFire   . . .      SeeInvis .    a - +2 dagger
rCold   . . .      Faith    .    (no shield)
rNeg    . . .      Spirit   .    e - +0 robe
rPois   .          Reflect  .    (no helmet)
rElec   .          Rampage  .    (no cloak)
rCorr   .                        (no gloves)
Will    .....                    (no boots)
Stlth   ++++                     (no amulet)
HPRegen 0.26/turn                q - ring of the Tethered Paranoia {Int+6, Comp, Melee} (curse)
MPRegen 0.11/turn                (no ring)

@: no status effects
A: small, no large weapons, nightstalker 3
a: Renounce Religion, Shatter the Chains


You were on level 5 of the Dungeon.
You worshipped Ashenzari.
Ashenzari was noncommittal.
You visited 1 branch of the dungeon, and saw 6 of its levels.

You collected 247 gold pieces.

Inventory:

Hand Weapons
 a - a +2 dagger (weapon)
Missiles
 A - 5 poisoned darts
 B - 5 curare-tipped darts
Armour
 e - a +0 robe (worn)
Jewellery
 q - the cursed ring of the Tethered Paranoia (left hand) {Int+6, Comp, Melee}
   (You found it on level 2 of the Dungeon)

   [ring of intelligence]

   Int:       It affects your intelligence (+6).
   It has a curse which improves the following skills: Companions: Summonings
   and Necromancy.
   Melee Combat: Short Blades, Long Blades, Axes, Maces & Flails, Polearms,
   Staves and Unarmed Combat.
 y - an amulet of guardian spirit
Wands
 t - a wand of charming (6)
 C - a wand of quicksilver (12)
Scrolls
 b - a scroll of fear
 g - a scroll of torment {unknown}
 h - 2 scrolls of silence {unknown}
 k - 5 scrolls of teleportation {unknown}
 m - a scroll of vulnerability {unknown}
 o - 12 scrolls of identify {unknown}
 r - 2 scrolls of fog {unknown}
 u - 2 scrolls of noise {unknown}
 v - a scroll of blinking {unknown}
 w - a scroll of immolation {unknown}
 z - a scroll of enchant armour {unknown}
Potions
 c - 3 potions of lignification
 d - 2 potions of attraction
 f - a potion of resistance {unknown}
 i - 2 potions of flight {unknown}
 j - 3 potions of heal wounds
 l - 5 potions of curing {unknown}
 n - 2 potions of degeneration {unknown}
 p - a potion of haste {unknown}
 s - a potion of invisibility {unknown}
 x - a potion of ambrosia {unknown}
 D - a potion of brilliance {unknown}


   Skills:
 * Level 8.3(8.8) Short Blades
 - Level 1.5 Armour
 - Level 1.2 Dodging
 - Level 5.3 Stealth
 - Level 1.1 Spellcasting
 + Level 4.8 Hexes
 + Level 3.6 Transmutations


You had 2 spell levels left.
You knew the following spells:

 Your Spells              Type           Power      Damage    Failure   Level
a - Confusing Touch       Hex            21%        N/A       7%          3
b - Slow                  Hex            84%        N/A       2%          1
c - Beastly Appendage     Tmut           32%        N/A       3%          1
d - Wereblood             Tmut           16%        N/A       5%          2

Your spell library contained the following spells:

 Spells                   Type           Power      Damage    Failure   Level
 Ensorcelled Hibernation  Hex/Ice        22%        N/A       9%          2
 Freeze                   Ice            4%         1d3       16%         1
 Kiss of Death            Conj/Necr      4%         2d5       16%         1
 Spider Form              Tmut/Pois      8%         N/A       24%         3
 Summon Ice Beast         Ice/Summ       1%         N/A       85%         4
 Summon Mana Viper        Hex/Summ       11%        N/A       86%         5
 Monstrous Menagerie      Summ           0%         N/A       100%        7
 Infestation              Necr           0%         N/A       100%        8


Dungeon Overview and Level Annotations

Branches:
Dungeon (6/15)             Temple (0/1) D:5

Altars:
Ashenzari
Kikubaaqudgha
Sif Muna


Innate Abilities, Weirdness & Mutations

You are small and have problems with some larger weapons.
You are completely attuned to the shadows.


Message History

The gnoll bouda closely misses you.
Your transformation is almost over.
There is a stone staircase leading up here.
The gnoll bouda barks out a call to the hunt!
You climb upwards.
There is a stone staircase leading down here.
You hit the gnoll bouda.
You claw the gnoll bouda, but do no damage.
You headbutt the gnoll bouda.
You kill the gnoll bouda!
Things that are here:
a +0 club; a +0 robe You start resting.
Your horns disappear.
Your talons disappear.
There is a stone staircase leading down here.
Casting: Beastly Appendage (safe; 3% risk of failure)
Your hands begin to glow red.
You climb downwards.
You hear the sound of rushing water.
There is an entrance to a sewer on this level.
Hurry and find it before the portal rusts away!
You hear the rusting of a distant drain.
The gnoll closely misses you. The gnoll hits you with a +0 rapier.
The gnoll barely misses you.
There is a stone staircase leading up here.
The gnoll hits you with a +0 rapier. The gnoll misses you.
You climb upwards.
There is a stone staircase leading down here.
You hit the gnoll but do no damage. The gnoll hits you with a +0 rapier.
You hit the gnoll but do no damage.
The gnoll appears confused.
The gnoll misses you.
You strike the helpless gnoll from behind!
You impale the gnoll!!
You kill the gnoll!
Casting: Confusing Touch (dangerous; 7% risk of failure)
Your hands begin to glow red.
The gnoll hits you with a +0 flail!
You hit the gnoll but do no damage. The gnoll hits you with a +0 flail!
* * * LOW HITPOINT WARNING * * *
You hit the gnoll but do no damage.
The gnoll appears confused.
You hit the gnoll. The gnoll hits you with a +0 flail!
You die...

#####################
#....................
#....##.#.##†...#.###
#...............#.###
#....................
#.#.............#.##.
#.#.......#..........
#....g........##.##.#
#..)@........##......
#.)..................
#............##..⌠...
##...#....#...#......
#...#....#.#......>.
#...#.#.##.###......
#...#.#.##.###..⌠...
#..........#........
#.#.#.#.####.#......


You could see a gnoll (confused).

Vanquished Creatures
  A black bear (D:5)
  2 ogres
  A phantom (D:5)
  Blork the orc (D:4)
  A scorpion (D:4)
  A gnoll bouda (D:5)
  An orc priest (D:4)
  A hound (D:5)
  3 jellies
  Terence (D:3)
  An iguana (D:4)
  A gnoll (D:5)
  5 adders
  A shadow imp (D:5)
  A white imp (D:5)
  An ufetubus (D:5)
  2 worms
  2 dart slugs
  10 orcs
  13 endoplasms
  4 giant cockroaches
  7 goblins
  9 hobgoblins
  4 jackals (D:2)
  6 kobolds
  4 quokkas
  7 ball pythons
  4 bats
  A frilled lizard (D:3)
  17 rats
113 creatures vanquished.

Notes
Turn   | Place    | Note
-------+----------+-------------------------------------------
     0 | D:1      | ragingrage the Kobold Wanderer began the quest for the Orb.
     0 | D:1      | ragingrage set off with the following items: a +2 dagger, a
                  | scroll of fear, a potion of lignification, a potion of
                  | attraction, a +0 robe; and the following spell memorised:
                  | Slow; and the following spells available to memorise:
                  | Confusing Touch.
     0 | D:1      | Reached XP level 1. HP: 10/10 MP: 2/2
   147 | D:1      | Reached skill level 1 in Short Blades
   180 | D:1      | Reached XP level 2. HP: 15/15 MP: 3/3
   290 | D:1      | Reached skill level 2 in Short Blades
   292 | D:1      | Found a faded altar of an unknown god.
   736 | D:2      | Reached XP level 3. HP: 8/19 MP: 2/4
   796 | D:2      | Learned a level 3 spell: Confusing Touch
   879 | D:2      | Reached skill level 3 in Short Blades
  1080 | D:2      | Reached XP level 4. HP: 22/24 MP: 3/5
  1974 | D:2      | Reached skill level 4 in Short Blades
  2110 | D:2      | Learned a level 1 spell: Beastly Appendage
  2272 | D:3      | Noticed Terence
  2276 | D:3      | Killed Terence
  2277 | D:3      | Reached XP level 5. HP: 28/28 MP: 6/6
  2735 | D:4      | Reached skill level 1 in Transmutations
  2779 | D:4      | Reached skill level 5 in Short Blades
  2870 | D:4      | Reached XP level 6. HP: 32/32 MP: 7/7
  3258 | D:4      | Noticed Blork the orc
  3276 | D:4      | HP: 1/48 [Blork the orc/+0 mace (2)]
  3282 | D:4      | Killed Blork the orc
  3283 | D:4      | Reached skill level 6 in Short Blades
  3541 | D:4      | Noticed an ogre
  3549 | D:4      | HP: 1/32 [ogre/+0 giant spiked club (31)]
  3937 | D:4      | Killed an ogre
  3938 | D:4      | Reached XP level 7. HP: 28/36 MP: 3/8
  4232 | D:4      | Found a broken altar of Ashenzari.
  4236 | D:4      | Found a shimmering blue altar of Sif Muna.
  4240 | D:4      | Became a worshipper of Ashenzari the Shackled
  4244 | D:4      | Found a faded altar of an unknown god.
  4245 | D:4      | Found a faded altar of an unknown god.
  4251 | D:4      | Found an ancient bone altar of Kikubaaqudgha.
  4372 | D:5      | Entered Level 5 of the Dungeon
  4433 | D:5      | Learned a level 2 spell: Wereblood
  4438 | D:5      | Found a staircase to the Ecumenical Temple.
  4479 | D:5      | Reached skill level 7 in Short Blades
  4857 | D:5      | Reached XP level 8. HP: 41/41 MP: 9/9
  4982 | D:5      | Got Icath's Grimoire of Boreal Corpses
  5080 | D:5      | Reached skill level 8 in Short Blades
  5395 | D:5      | Slain by a gnoll

Illustrated notes

Levels and vault maps discovered:
D:1:      lemuel_arrival_hallway, layout_rooms,
          ebering_ecumenical_altar_sacrificial, minmay_misc_feat_encased,
          minmay_tromino_v4_b
D:2:      minmay_recursive_quarters, layout_basic, serial_co_window_serial,
          co_window_corner_a, co_window_paths_a, co_window_paths_a,
          co_window_paths_a, co_window_cross_1, co_window_broadway_b,
          co_window_broadway_a, co_window_cross_3, co_window_unsneaky_path_e,
          co_window_corner_b, co_window_corner_b, co_window_4corner_b,
          glass_columns_c, glass_columns_a, glass_columns_a, glass_columns_a
D:3:      layout_rooms, minmay_cut_off, uniq_terence
D:4:      minmay_angry_zag, layout_basic, chequers_temple_overflow_minitemple,
          uniq_blork_the_orc
D:5:      layout_loops_ring, minmay_temple_entry_large_hall,
          chequers_serial_rivers_micro_e
D:6:      layout_layer_cave, portal_sewer_entry_d, grunt_ministairs_8,
          feat_on_display, uniq_grinder, uniq_pikel, uniq_maggie

Skill      XL: |  1  2  3  4  5  6  7  8 |
---------------+-------------------------+-----
Short Blades   | 1 2 3 4 5 6 7 8 |  8.3
Hexes          | 3 4 |  4.8
Transmutations | 1 2 3 |  3.6
Armour         | |  1.5
Dodging        | |  1.2
Stealth        | |  5.3
Spellcasting   | |  1.1

Action                     |  1- 3 |  4- 6 |  7- 9 || total
---------------------------+-------+-------+-------++-------
  Melee: Dagger            |    67 |   166 |    70 ||   303
         Kick              |       |    13 |     9 ||    22
         Headbutt          |       |     7 |     7 ||    14
         Punch             |       |     1 |     1 ||     2
         Unarmed           |       |     2 |       ||     2
   Cast: Slow              |     2 |     4 |       ||     6
         Beastly Appendage |       |     7 |     4 ||    11
         Confusing Touch   |       |     2 |     3 ||     5
 Invoke: Curse Item        |       |       |     1 ||     1
    Use: Potion            |       |     2 |       ||     2
   Stab: Sleeping          |    17 |    24 |    10 ||    51
         Confused          |       |     1 |     2 ||     3
         Distracted        |       |       |     1 ||     1
 Armour: Robe              |     4 |    11 |     4 ||    19
         Skin              |       |     2 |       ||     2
  Dodge: Dodged            |    34 |    83 |    36 ||   153

Table legend: (Time is in decaauts)
 A = Elapsed time spent in this place.
 B = Non-inter-level travel time spent in this place.
 C = Inter-level travel time spent in this place.
 D = Time resting spent in this place.
 E = Time spent auto-exploring this place.
 F = Levels seen in this place.
 G = Mean time per level.
                   A        B        C        D        E       F      G
               +--------+--------+--------+--------+--------+-----+--------+
         Total |   5325 |   5111 |    214 |   1119 |   3030 |   6 |  887.5 |
       Dungeon |   5325 |   5111 |    214 |   1119 |   3030 |   6 |  887.5 |
               +--------+--------+--------+--------+--------+-----+--------+

Top non-repeatable levels by time:
     D:2: 1461 daAuts
     D:4: 1329 daAuts
     D:5: 942 daAuts
     D:3: 882 daAuts
     D:1: 648 daAuts
     D:6: 60 daAuts
